 Dungeon Crawl Stone Soup version 0.19.1 (webtiles) character file.

2639 Ladykiller69 the Cleaver (level 9, -6/65 HPs)
             Began as a Formicid Fighter on Nov 25, 2016.
             Was a Follower of Cheibriados.
             Mangled by a killer bee (7 damage)
             ... on level 7 of the Dungeon.
             The game lasted 00:11:05 (5428 turns).

Ladykiller69 the Cleaver (Formicid Fighter)         Turns: 5428, Time: 00:11:06

Health: -6/65      AC: 12    Str: 30    XL:     9   Next: 92%
Magic:  9/9        EV:  8    Int: 13    God:    Cheibriados [*.....]
Gold:   193        SH: 12    Dex: 12    Spells: 0 memorised, 8 levels left

rFire  + . .     SeeInvis +     a - +0 war axe
rCold  + . .     Gourm    .     L - +0 chain mail {rC+}
rNeg   . . .     Faith    .     c - +0 shield
rPois  .         Spirit   .     (helmet unavailable)
rElec  .         Reflect  .     (no cloak)
rCorr  .         Harm     .     (no gloves)
MR     .....                    h - +2 pair of boots
Stlth  ..........               (no amulet)
                                l - ring of protection from fire (curse)
                                R - ring "Reluiko" {+Fly Str+7}

@: lethally poisoned (-6 -> -7), very slow
A: permanent stasis, dig shafts and tunnels, four strong arms, antennae 3
a: Dig, Shaft Self, Bend Time, Renounce Religion, Evoke Flight


You were on level 7 of the Dungeon.
You worshipped Cheibriados.
Cheibriados was aware of your devotion.
You were hungry.

You visited 2 branches of the dungeon, and saw 8 of its levels.

You collected 193 gold pieces.

Inventory:

Hand Weapons
 a - a +0 war axe (weapon)
 M - a +2 dire flail of protection
Missiles
 p - 136 stones
 F - 3 tomahawks (quivered)
Armour
 b - a +0 scale mail
 c - a +0 shield (worn)
 h - a +2 pair of boots (worn)
 L - a +0 chain mail of cold resistance (worn)
 Q - the -1 cloak "Volaakh" {rPois rF- Int+9 Slay+2}
   (You found it on level 5 of the Dungeon)

   It affects your intelligence (+9).
   It affects your accuracy and damage with ranged weapons and melee attacks
   (+2).
   It makes you vulnerable to fire.
   It protects you from poison.
Jewellery
 l - a cursed ring of protection from fire (right hand)
 m - an uncursed ring of protection from magic
 r - an uncursed ring of protection from cold
 I - an uncursed ring of flight
 J - an uncursed ring of protection from magic
 K - an uncursed ring of magical power
 O - an uncursed ring of wizardry
 R - the ring "Reluiko" (left hand) {+Fly Str+7}
   (You found it on level 5 of the Dungeon)

   [ring of flight]

   It affects your strength (+7).
   It lets you fly.
 U - the ring of Yqankoimp {rPois MP+9 Str+2}
   (You found it on level 6 of the Dungeon)

   [ring of strength]

   It affects your strength (+2).
   It protects you from poison.
   It affects your magic capacity (+9).
Wands
 t - a wand of digging (9/24)
 C - a wand of flame (12/48)
 G - a wand of polymorph (7/24)
Scrolls
 e - 2 scrolls of noise {unknown}
 i - 3 scrolls of fog {unknown}
 n - 3 scrolls of magic mapping {unknown}
 q - 8 scrolls of identify {unknown}
 u - 2 scrolls of teleportation {unknown}
 v - 2 scrolls of recharging {unknown}
 w - a scroll of random uselessness {unknown}
 y - 2 scrolls of immolation {unknown}
 N - a scroll of amnesia {unknown}
Potions
 d - a potion of might
 j - 2 potions of brilliance {unknown}
 k - 2 potions of cure mutation {unknown}
 o - a potion of ambrosia {unknown}
 s - 2 potions of flight {unknown}
 z - a potion of degeneration {unknown}
 A - 2 potions of haste {unknown}
 B - a potion of cancellation {unknown}
 D - 4 potions of heal wounds {unknown}
 H - 2 potions of lignification {unknown}
 T - a potion of agility {unknown}
Comestibles
 f - 4 bread rations
 x - 3 meat rations
 E - 2 beef jerkies
 P - 2 fruits
 S - 11 chunks of flesh


   Skills:
 - Level 4.2 Fighting
 * Level 10.2 Axes
 - Level 4.1 Armour
 + Level 9.2 Shields


You had 8 spell levels left.
You didn't know any spells.

Dungeon Overview and Level Annotations

Branches:
Dungeon (7/15)             Temple (1/1) D:5

Altars:
Cheibriados
Dithmenos
Kikubaaqudgha
Nemelex Xobeh
Qazlal
Xom
Yredelemnul
Zin

Shops:
D:4 !

Annotations:
D:6 Ijustatesigmund's ghost, novice MiMo


Innate Abilities, Weirdness & Mutations

You are under a permanent stasis effect.
You can dig through walls and to a lower floor.
Your four strong arms can wield two-handed weapons with a shield.
You have a pair of large antennae on your head. (SInv)


Message History

The killer bee stings you but does no damage.
You feel better. The killer bee stings you.
* * * LOW HITPOINT WARNING * * *
You are poisoned.
The killer bee poisons you! The killer bee barely misses you.
The killer bee stings you but does no damage.
You block the killer bee's attack. The killer bee closely misses you.
You block the killer bee's attack.
Are you sure you want to shaft yourself?
You are feeling hungry.
You feel sick. You block the killer bee's attack.
The killer bee closely misses you. The killer bee stings you.
* * * LOW HITPOINT WARNING * * *
The killer bee closely misses you. You block the killer bee's attack.
The killer bee closely misses you.
You begin to dig a shaft.
You continue digging a shaft.
You block the killer bee's attack.
The killer bee stings you but does no damage. x2
The killer bee stings you!
You die...

.........## ......... .#
... .......# ..# . ..#
......#.... .....##
.....#....... .......
............. .......
#...#........
#.#..#.###@y.#........
.........#yy.##.......
.........#h..##........#
......((.)........# ..###
..........).......# .....#
........).........# .....#
..................##.....#
.........................#
...................).....#.


You could see a hound and 3 killer bees.

Vanquished Creatures
  Pikel (D:4)
  A hippogriff (D:7)
  Sigmund (D:2)
  Edmund (D:4)
  Menkaure (D:5)
  A water moccasin (D:7)
  2 ice beasts (D:7)
  A slave (D:3)
  The ghost of Ijustatesigmund the Chopper, an amateur MiMo (D:4)
  2 ogres
  A bullfrog (D:7)
  A killer bee (D:7)
  3 wights (D:7)
  3 howler monkeys (D:7)
  An orc priest (D:6)
  2 jellies
  2 hounds (D:6)
  Jessica (D:2)
  3 iguanas
  7 orc wizards
  3 worker ants
  A hound skeleton (D:4)
  A worker ant zombie (D:5)
  7 adders
  2 oozes
  An adder skeleton (D:4)
  A worm (D:3)
  A dart slug (D:2)
  4 leopard geckos
  20 orcs
  2 ball pythons
  4 giant cockroaches
  5 goblins
  5 hobgoblins
  3 jackals
  6 kobolds
  A quokka (D:2)
  7 bats
  5 frilled lizards
  A jackal skeleton (D:7)
  A leopard gecko skeleton (D:5)
  A quokka skeleton (D:7)
  5 rats
123 creatures vanquished.

Vanquished Creatures (others)
  A crimson imp (D:7)
  A hound (D:7)
  A leopard gecko (D:7)
3 creatures vanquished.

Grand Total: 126 creatures vanquished

Notes
Turn   | Place    | Note
-------+----------+-------------------------------------------
     0 | D:1      | Ladykiller69 the Formicid Fighter began the quest for the Orb.
     0 | D:1      | Reached XP level 1. HP: 18/18 MP: 1/1
   121 | D:1      | Reached XP level 2. HP: 24/24 MP: 2/2
   472 | D:1      | Reached XP level 3. HP: 27/29 MP: 3/3
   725 | D:2      | Noticed Sigmund
   894 | D:2      | Killed Sigmund
   894 | D:2      | Reached skill level 3 in Axes
   894 | D:2      | Reached XP level 4. HP: 37/37 MP: 4/4
   894 | D:2      | Reached XP level 5. HP: 42/42 MP: 5/5
  1039 | D:2      | You fall through a shaft!
  1198 | D:2      | Found a shimmering altar of Xom.
  1226 | D:2      | Reached XP level 6. HP: 48/48 MP: 6/6
  1265 | D:2      | Noticed Jessica
  1268 | D:2      | Killed Jessica
  1268 | D:2      | Reached skill level 4 in Axes
  1597 | D:3      | Found a glowing silver altar of Zin.
  1597 | D:3      | Found a faded altar of an unknown god.
  1602 | D:3      | Found a shadowy altar of Dithmenos.
  1604 | D:3      | Found an ancient bone altar of Kikubaaqudgha.
  1605 | D:3      | Found a faded altar of an unknown god.
  1820 | D:3      | Reached skill level 5 in Shields
  2082 | D:3      | Found a stormy altar of Qazlal.
  2510 | D:4      | Noticed Ijustatesigmund's ghost (amateur MiMo)
  2549 | D:4      | Killed Ijustatesigmund's ghost
  2549 | D:4      | Reached skill level 5 in Axes
  2549 | D:4      | Reached XP level 7. HP: 26/54 MP: 7/7
  2671 | D:4      | Found Noefuz's Distillery.
  2783 | D:4      | Noticed Edmund
  2863 | D:4      | Killed Edmund
  2863 | D:4      | Reached skill level 6 in Axes
  3100 | D:4      | Noticed Pikel
  3265 | D:4      | Killed Pikel
  3265 | D:4      | Reached skill level 7 in Axes
  3265 | D:4      | Reached XP level 8. HP: 57/60 MP: 8/8
  3442 | D:5      | Entered Level 5 of the Dungeon
  3530 | D:5      | Got a twitching turquoise ring
  3531 | D:5      | Identified the ring "Reluiko" {+Fly Str+7} (You found it on level 5 of the Dungeon)
  3871 | D:5      | Reached skill level 8 in Axes
  3882 | D:5      | Got a dazzling cloak
  3888 | D:5      | Identified the -1 cloak "Volaakh" {rPois rF- Int+9 Slay+2} (You found it on level 5 of the Dungeon)
  4073 | D:5      | Reached XP level 9. HP: 51/65 MP: 9/9
  4170 | D:5      | Found a staircase to the Ecumenical Temple.
  4225 | Temple   | Entered the Ecumenical Temple
  4238 | Temple   | Became a worshipper of Cheibriados the Contemplative
  4283 | D:5      | Noticed Menkaure
  4295 | D:5      | Killed Menkaure
  4558 | D:6      | Got a smoking granite ring
  4560 | D:6      | Identified the ring of Yqankoimp {rPois MP+9 Str+2} (You found it on level 6 of the Dungeon)
  4742 | D:6      | Reached skill level 9 in Axes
  4765 | D:6      | Noticed Ijustatesigmund's ghost (novice MiMo)
  4817 | D:7      | HP: 3/65 [acid (4)]
  4824 | D:7      | HP: 2/65 [poisoned by Ijustatesigmund's ghost]
  5200 | D:7      | Reached * piety under Cheibriados
  5208 | D:7      | Noticed a hippogriff
  5231 | D:7      | Killed a hippogriff
  5231 | D:7      | Reached skill level 10 in Axes
  5427 | D:7      | HP: 1/65 [killer bee (5)]
  5428 | D:7      | Mangled by a killer bee

Skill      XL: |  1  2  3  4  5  6  7  8  9 |
---------------+----------------------------+-----
Fighting       | 4 |  4.2
Axes           | 3 5 7 8 10 | 10.2
Armour         | 4 |  4.1
Shields        | 4 5 7 9 |  9.2

Action                   |  1- 3 |  4- 6 |  7- 9 || total
-------------------------+-------+-------+-------++-------
Melee: War axe           |    60 |   152 |   269 ||   481
Throw: Tomahawk          |       |       |     2 ||     2
 Abil: Dig               |     2 |       |     1 ||     3
       Shaft Self        |       |       |     1 ||     1
  Use: Potion            |       |       |     2 ||     2
  Eat: Chunk             |       |     5 |    10 ||    15
Armor: Scale mail        |    19 |    64 |     8 ||    91
       Chain mail        |       |       |   120 ||   120
Dodge: Dodged            |    16 |    42 |    86 ||   144
Block: Shield            |    27 |    74 |   162 ||   263
